 Dungeon Crawl Stone Soup version bcrawl-1.19.2-6-g6a88ae04c9 (webtiles) character file.

Game seed: 12668062980968991921

314 Mrkan the Cudgeler (level 6, -6/67 HPs)
             Began as an Ogre Berserker on Jan 7, 2020.
             Was a Believer of Trog.
             Mangled by an orc priest
             ... wielding a +0 hand axe
              (8 damage)
             ... on level 3 of the Dungeon.
             The game lasted 00:03:15 (2555 turns).

Mrkan the Cudgeler (Ogre Berserker)                 Turns: 2555, Time: 00:03:15

Health: -6/67      AC:  3    Str: 22    XL:     6   Next: 43%
Magic:  6/6        EV: 11    Int:  8    God:    Trog [**....]
Gold:   120        SH:  0    Dex: 10    Spells: 5/5 levels left

rFire    . . .     SeeInvis .   a - +0 mace
rCold    . . .     Gourm    .   (no shield)
rNeg     . . .     Faith    .   b - +0 animal skin
rPois    .         Spirit   .   (helmet restricted)
rElec    .         Reflect  .   (no cloak)
rCorr    .         Harm     .   (gloves unavailable)
MR       .....                  (boots unavailable)
Stlth    +.........             (no amulet)
HPRegen  0.21/turn              (no ring)
MPRegen  0.10/turn              (no ring)

@: no status effects
A: large, unfitting armour, tough skin 1
a: Berserk, Trog's Hand, Renounce Religion


You were on level 3 of the Dungeon.
You worshipped Trog.
Trog was pleased with you.
You were not hungry.

You visited 1 branch of the dungeon, and saw 3 of its levels.

You collected 120 gold pieces.

Inventory:

Hand Weapons
 a - a +0 mace (weapon)
Armour
 b - a +0 animal skin (worn)
Jewellery
 o - an uncursed ring of resist corrosion {unknown}
 p - an uncursed amulet of magic regeneration {unknown}
Scrolls
 f - 3 scrolls of teleportation {unknown}
 h - 3 scrolls of identify {unknown}
 i - a scroll of amnesia {unknown}
 k - 4 scrolls of fog {unknown}
 n - a scroll of blinking {unknown}
Potions
 d - 3 potions of mutation {unknown}
 e - a potion of degeneration {unknown}
 g - 2 potions of curing
 j - a potion of heal wounds {unknown}
 l - a potion of lignification {unknown}
 m - a potion of berserk rage {unknown}
 q - a potion of magic {unknown}
Comestibles
 c - 5 rations {!d}
 r - a chunk of flesh


   Skills:
 + Level 5.7 Fighting
 * Level 6.5 Maces & Flails
 + Level 3.9 Dodging


You had 5 spell levels left.
You didn't know any spells.
Your spell library was empty.

Dungeon Overview and Level Annotations

Branches:
Dungeon (3/12)

Altars:
Elyvilon
Kikubaaqudgha
Makhleb
Okawaru


Innate Abilities, Weirdness & Mutations

You are too large for most types of armour.
You have tough skin. (AC +1)


Message History

You butcher the orc corpse.
r - a chunk of flesh
Things that are here:
a +0 mace; a +0 chain mail; an orc skeleton You start resting.
The orc priest is too close now for your liking.
An orc priest is nearby!
An orc priest is nearby!
An orc priest is nearby!
The orc priest shouts!
The orc priest invokes the aid of Beogh against you.
Beogh smites you!
* * * LOW HITPOINT WARNING * * *
The orc priest hits you with a +0 hand axe.
* * * LOW HITPOINT WARNING * * *
You hit the orc priest but do no damage.
The orc priest closely misses you.
You closely miss the orc priest.
The orc priest hits you with a +0 hand axe!
You die...

.###### #############
......###...........#
#.###...#.....######.#
#............># #.#
.###..)#.....# #.#
##.###...## #.# #.#
##### #.# #@# #.# #o#
#.# ..# #.## ####
##.#. ♣.... ..
#####... o .#.....
#..o#...#) #..o#_..#♣


You could see an orc priest.

Vanquished Creatures
  Grinder (D:3)
  Natasha (D:3)
  3 adders
  2 worms
  3 dart slugs
  2 leopard geckos (D:2)
  2 orcs
  A ball python (D:2)
  6 goblins
  12 hobgoblins
  3 jackals (D:2)
  7 kobolds
  2 quokkas (D:2)
  6 bats
  3 frilled lizards (D:1)
  6 rats
60 creatures vanquished.

Notes
Turn   | Place    | Note
-------+----------+-------------------------------------------
     0 | D:1      | Mrkan the Ogre Berserker began the quest for the Orb.
     0 | D:1      | Reached XP level 1. HP: 24/24 MP: 1/1
   217 | D:1      | Reached skill level 4 in Maces & Flails
   217 | D:1      | Reached XP level 2. HP: 19/32 MP: 2/2
   532 | D:1      | Reached ** piety under Trog
   551 | D:1      | Reached XP level 3. HP: 36/40 MP: 3/3
  1159 | D:2      | HP: 2/40 [worm (4)]
  1457 | D:2      | Reached XP level 4. HP: 31/49 MP: 4/4
  1711 | D:2      | Reached skill level 5 in Maces & Flails
  2256 | D:3      | Found a burning altar of Makhleb.
  2257 | D:3      | Found an ancient bone altar of Kikubaaqudgha.
  2257 | D:3      | Found an iron altar of Okawaru.
  2257 | D:3      | Noticed Natasha
  2268 | D:3      | Killed Natasha
  2268 | D:3      | Reached skill level 5 in Fighting
  2268 | D:3      | Reached XP level 5. HP: 40/57 MP: 5/5
  2421 | D:3      | Found a white marble altar of Elyvilon.
  2460 | D:3      | Noticed Grinder
  2462 | D:3      | Paralysed by Grinder for 2 turns
  2475 | D:3      | Killed Grinder
  2475 | D:3      | Reached skill level 6 in Maces & Flails
  2475 | D:3      | Reached XP level 6. HP: 25/67 MP: 6/6
  2553 | D:3      | HP: 2/67 [orc priest/+0 hand axe (5)]
  2555 | D:3      | Mangled by an orc priest

Skill      XL: |  1  2  3  4  5 |
---------------+----------------+-----
Maces & Flails | 4 5 6 |  6.5
Dodging        | 3 |  3.9
Fighting       | 5 |  5.7

Action                   |  1- 3 |  4- 6 || total
-------------------------+-------+-------++-------
Melee: Mace              |   118 |   100 ||   218
Invok: Berserk           |     1 |     2 ||     3
       Trog's Hand       |     1 |       ||     1
  Use: Potion            |     1 |       ||     1
  Eat: Chunk             |     3 |     4 ||     7
       Ration            |       |     1 ||     1
Armor: Animal skin       |    41 |    32 ||    73
Dodge: Dodged            |    73 |    55 ||   128
